 Dungeon Crawl Stone Soup version 0.16-a0-3149-g1169300 (webtiles) character file.

3295 Gorice the Martial Artist (level 9, 0/61 HPs)
             Began as a Demonspawn Wanderer on Dec 14, 2014.
             Was a Believer of Kikubaaqudgha.
             Slain by a killer bee (4 damage)
             ... on level 8 of the Dungeon.
             The game lasted 01:39:57 (10879 turns).

Gorice the Martial Artist (Demonspawn Wanderer)    Turns: 10879, Time: 01:39:57

Health: 0/61       AC: 10    Str: 10    XL:     9   Next: 69%
Magic:  9/9        EV: 13    Int: 18    God:    Kikubaaqudgha [**....]
Gold:   316        SH:  0    Dex: 14    Spells: 0 memorised, 8 levels left

rFire  . . .     SeeInvis .       - Unarmed
rCold  . . .     Clarity  .     q - +0 ring mail
rNeg   . . .     SustAb   .     (no shield)
rPois  .         Gourm    +     J - +2 helmet
rElec  .         Spirit   .     r - +1 cloak
rCorr  .         Warding  .     (no gloves)
rMut   .         Stasis   .     (no boots)
MR     .....                    k - amulet of the gourmand
Stlth  +.........               (no ring)
                                (no ring)

@: lethally poisoned, about to teleport, not resistant to hostile enchantments,
very unstealthy
A: claws 1, demonic guardian 1, powered by pain 1
a: Receive Corpses, Renounce Religion


You were on level 8 of the Dungeon.
You worshipped Kikubaaqudgha.
Kikubaaqudgha was pleased with you.
You were completely stuffed.

You visited 2 branches of the dungeon, and saw 9 of its levels.
You also visited: Ossuary.

You collected 316 gold pieces.

Inventory:

Hand weapons
 b - a +3 hunting sling of flaming
 p - a +1 flail of protection
 B - a +2 blowgun
Missiles
 l - 7 needles of slowing
 A - 15 poisoned needles
 C - 5 curare-tipped needles
 D - 26 sling bullets
 E - 12 tomahawks (quivered)
 X - 4 javelins
 Y - 2 throwing nets
 Z - 214 stones
Armour
 q - a +0 ring mail (worn)
 r - a +1 cloak (worn)
 x - the +0 buckler of Focus {Dex+2 Stlth+}
   (You took it off a kobold on level 5 of the Dungeon)

   It affects your dexterity (+2).
   It makes you more stealthy.
 y - a +1 robe
 J - a +2 helmet (worn)
Jewellery
 k - an amulet of the gourmand (around neck)
Magical devices
 s - a wand of frost (37)
 w - a wand of flame (36)
 G - a wand of enslavement (17)
Scrolls
 j - 2 scrolls of teleportation
 m - 2 scrolls of immolation
 v - a scroll of magic mapping
 I - a scroll of recharging
 M - a scroll of enchant armour
Potions
 d - a potion of cancellation
 e - 2 potions of heal wounds
 h - a potion of haste
 i - 4 potions of brilliance
 n - a potion of flight
 t - 5 potions of restore abilities
 u - 2 potions of cure mutation
 H - a potion of might
Books
 K - Kikubaaqudgha's Almanac of Darkness
   (Kikubaaqudgha gifted it to you on level 6 of the Dungeon)

   Spells                             Type                      Level
   a - Pain                           Necromancy                   1
   b - Corpse Rot                     Necromancy                   2
   c - Sublimation of Blood           Necromancy                   2
   d - Vampiric Draining              Necromancy                   3
   e - Control Undead                 Necromancy                   4
Comestibles
 a - 6 fruits
 f - 5 bread rations
 g - 3 beef jerkies
 z - 3 meat rations
 F - a slice of pizza
 L - 8 chunks of flesh


   Skills:
 - Level 2.0 Fighting
 - Level 4.0(4.2) Slings
 - Level 1.7(3.1) Throwing
 + Level 7.3 Dodging
 + Level 9.7 Unarmed Combat
 + Level 4.2 Necromancy


You had 8 spell levels left.
You didn't know any spells.

Dungeon Overview and Level Annotations

Branches:
Dungeon (8/15)             Temple (1/1) D:6
   Lair: D:8-11

Altars:
Ashenzari
Cheibriados
Dithmenos
Elyvilon
Fedhas
Gozag
Kikubaaqudgha
Makhleb
Nemelex Xobeh
Okawaru
Qazlal
Sif Muna
Yredelemnul
Zin
The Shining One

Shops:
D:5 =   D:6 :

Annotations:
D:6 D&D!, Dowan
D:7 Noname's ghost, experienced VSAs


Innate Abilities, Weirdness & Mutations

You have sharp fingernails.
A weak demonic guardian rushes to your aid.
You sometimes gain a little power by taking damage.


Message History

The killer bee poisons you!
Your ufetubus closely misses the killer bee.
Your ufetubus hits the killer bee but does no damage.
Drink which item? (? for menu, Esc to quit)
You feel better. The killer bee stings you!
* * * LOW HITPOINT WARNING * * *
You are poisoned.
The killer bee poisons you! The killer bee stings your ufetubus!
Your ufetubus dies!
The killer bee completely misses you.
The killer bee stings you but does no damage.
The killer bee stings you!
* * * LOW HITPOINT WARNING * * *
You feel sick.
The killer bee stings you but does no damage.
The killer bee misses you. The killer bee stings you.
* * * LOW HITPOINT WARNING * * *
The killer bee stings you.
You die...
Kikubaaqudgha rasps: "You have failed me!
Welcome... death!"

.##.# # #.#
.#.#######.##.#
.............#
#.........##.#
#.####### #.#
#.†## #.#
#.#.## #.#
###..##y#####
#.#
........y@...#
#<#
###....y###.#
#.# ##!#.##
#.............
##..#
#####?#######
##.# #.# #.#
#.# .. #.> #
###


You could see 3 killer bees.

Vanquished Creatures
  A yak (D:7)
  Edmund (D:7)
  3 orc warriors
  A sky beast (D:7)
  A black bear (D:8)
  2 ice beasts (D:5)
  An ogre (D:7)
  3 centaurs
  Blork the orc (D:7)
  A giant frog (D:6)
  2 scorpions
  5 wights (D:6)
  A killer bee (D:8)
  2 centaur zombies
  2 crimson imps
  A goliath beetle (D:7)
  9 orc wizards
  4 orc priests
  A jelly (D:8)
  A quasit (D:7)
  5 worker ants
  5 iguanas
  3 hounds (D:4)
  Ijyb (D:5)
  Jessica (D:2)
  5 big kobold zombies (Ossuary)
  A hound zombie (D:7)
  3 mummies (Ossuary)
  Robin (D:4)
  12 adders
  8 gnolls
  6 worms
  3 giant geckos
  4 oozes
  30 orcs
  3 ball pythons
  16 bats
  A bat skeleton (D:4)
  6 giant cockroaches
  26 goblins
  16 hobgoblins
  6 giant newts
  A giant spore (D:6)
  2 hobgoblin zombies (Ossuary)
  16 jackals
  13 kobolds
  4 quokkas
  10 rats
  5 ballistomycetes (D:6)
256 creatures vanquished.

Vanquished Creatures (collateral kills)
  A sky beast (D:5)
  Sigmund (D:7)
  2 orc wizards (D:6)
  A gnoll (D:2)
  2 orcs (D:3)
  A giant cockroach (D:2)
  A goblin (D:2)
  A rat (D:3)
10 creatures vanquished.

Vanquished Creatures (others)
  A human (D:6)
  3 quasits
  8 crimson imps
  An orc priest (D:7)
  An iron imp (D:7)
  A mummy (Ossuary)
  8 white imps
  6 ufetubi
  A giant cockroach (D:8)
  2 hobgoblins (D:8)
  A kobold (D:8)
33 creatures vanquished.

Grand Total: 299 creatures vanquished

Notes
Turn   | Place    | Note
--------------------------------------------------------------
     0 | D:1      | Gorice, the Demonspawn Wanderer, began the quest for the Orb.
     0 | D:1      | Gorice set off with: 4 curare-tipped needles, a +2 blowgun, 2 potions of lignification, a +0 robe, a bread ration
     0 | D:1      | Reached XP level 1. HP: 16/16 MP: 1/1
     0 | D:1      | 9/17/11, Fi 2, UC 4.5, Thr 1.7 Do 1
     0 | D:1      | +2 bg, 4 curare, 2 !lig
     0 | D:1      | Great blowgun only start again!
   455 | D:1      | Gained mutation: A weak demonic guardian rushes to your aid. [demonic ancestry]
   455 | D:1      | Reached XP level 2. HP: 12/22 MP: 2/2
   930 | D:1      | Reached skill level 5 in Unarmed Combat
  1063 | D:1      | Reached XP level 3. HP: 27/27 MP: 3/3
  1796 | D:2      | Noticed Jessica
  1805 | D:2      | Killed Jessica
  1805 | D:2      | Reached XP level 4. HP: 25/33 MP: 4/4
  1997 | D:2      | Found an iron altar of Okawaru.
  2631 | D:2      | Gained mutation: You sometimes gain a little power by taking damage. [demonic ancestry]
  2631 | D:2      | Reached XP level 5. HP: 34/38 MP: 5/5
  2978 | D:3      | Reached skill level 6 in Unarmed Combat
  4060 | D:3      | Gained mutation: You have sharp fingernails. [demonic ancestry]
  4060 | D:3      | Reached XP level 6. HP: 23/44 MP: 6/6
  4062 | D:3      | Phew, sharp fingernails when I bet the farm on UC!
  4937 | D:4      | Found a shadowy altar of Dithmenos.
  5180 | D:4      | Found a white marble altar of Elyvilon.
  5199 | D:4      | Found a glowing silver altar of Zin.
  5201 | D:4      | Found a glowing golden altar of the Shining One.
  5258 | D:4      | Reached skill level 7 in Unarmed Combat
  5442 | D:4      | Reached XP level 7. HP: 23/50 MP: 7/7
  5967 | D:4      | Noticed Robin
  5978 | D:4      | Killed Robin
  6419 | D:5      | Entered Level 5 of the Dungeon
  6539 | D:5      | Found a sand-covered staircase.
  6554 | Ossuary  | Entered an ossuary
  7048 | D:5      | Reached skill level 1 in Slings
  7163 | D:5      | Reached skill level 5 in Dodging
  7189 | D:5      | Reached skill level 8 in Unarmed Combat
  7189 | D:5      | Reached XP level 8. HP: 44/56 MP: 8/8
  7391 | D:5      | Got a transparent buckler
  7401 | D:5      | Found Mubas' Jewellery Shoppe.
  7584 | D:5      | Noticed Ijyb
  7597 | D:5      | Killed Ijyb
  7675 | D:6      | Found a sparkling altar of Nemelex Xobeh.
  7790 | D:6      | Found an ancient bone altar of Kikubaaqudgha.
  7800 | D:6      | Became a worshipper of Kikubaaqudgha
  7818 | D:6      | Found a staircase to the Ecumenical Temple.
  7851 | Temple   | Entered the Ecumenical Temple
  8107 | D:5      | Identified the cursed +0 buckler of Focus {Dex+2 Stlth+} (You took it off a kobold on level 5 of the Dungeon)
  8256 | D:6      | Noticed Dowan
  8901 | D:6      | Acquired Kikubaaqudgha's first power
  8901 | D:6      | Received a gift from Kikubaaqudgha
  8902 | D:6      | Identified Kikubaaqudgha's Almanac of Darkness (Kikubaaqudgha gifted it to you on level 6 of the Dungeon)
  8926 | D:6      | Found Trym's Book Emporium.
  8951 | D:6      | Reached XP level 9. HP: 61/61 MP: 9/9
  9066 | D:6      | Reached skill level 9 in Unarmed Combat
  9074 | D:6      | Reached skill level 1 in Necromancy
  9250 | D:7      | Noticed Edmund
  9274 | D:7      | Killed Edmund
  9593 | D:7      | 1st pot of curing on d7!
  9686 | D:7      | Noticed Noname's ghost (experienced VSAs)
  9893 | D:7      | Noticed Sigmund
  9904 | D:7      | Killed Sigmund
 10089 | D:7      | Noticed Blork the orc
 10102 | D:7      | Killed Blork the orc
 10853 | D:8      | Acquired Kikubaaqudgha's second power
 10879 | D:8      | Slain by a killer bee

Action                   |  1- 3 |  4- 6 |  7- 9 || total
-------------------------+-------+-------+-------++-------
Melee: Unarmed           |   112 |   257 |   426 ||   795
 Fire: Blowgun           |     3 |       |    55 ||    58
       Hunting sling     |    65 |   172 |   129 ||   366
Throw: Stone             |     6 |     8 |       ||    14
       Tomahawk          |       |     2 |     5 ||     7
       Javelin           |       |       |     3 ||     3
  Use: Scroll            |     6 |     5 |    14 ||    25
       Potion            |       |     3 |     3 ||     6
 Stab: Sleeping          |       |       |     1 ||     1
  Eat: Chunk             |     3 |    11 |    24 ||    38
       Beef jerky        |       |       |     1 ||     1
